Match 45452005
Unlisted

Match 45452005
End
Construct Infanterie Kompanie
Kettenkrad Recon Vehicle
Grenadier Squad
Grenadier Squad
MG 42 Machine Gun Team
Construct Panzergrenadier Kompanie
Selects Breakthrough Battlegroup
Selects Assault Grenadiers
Panzergrenadier Squad
Pak 40 Anti-tank Gun Team
Construct Panzer Kompanie
Medical Station
Selects Rapid Production
Panzer IV Medium Tank
Selects Smoke Bombing Run
Selects Incendiary Bombing Run
Stoßtruppen Squad
Stoßtruppen Squad
Incendiary Bombing Run
Smoke Bombing Run
Panzer IV Medium Tank
Selects Blitzkrieg
Incendiary Bombing Run
Side Skirts
Incendiary Bombing Run
Panzer IV Medium Tank
Repair Bunker
Incendiary Bombing Run
Smoke Bombing Run
Blitzkrieg
Jesus Christ
JL
Bacon
bilibuzz
DaRtH VaDeRX2020
MZMZ
Field marshal Prince
BieTaMaShuoYingYu
0
0

Comments sign in to comment!

No comments posted yet!